 Dungeon Crawl Stone Soup version 0.22-a0-580-gd5db89c (webtiles) character file.

16139 sking99 the Brawler (level 12, 0/126 HPs)
             Began as a Troll Monk on July 3, 2018.
             Was the Champion of Elyvilon.
             Killed from afar by a lava snake (15 damage)
             ... with a glob of lava
             ... in a labyrinth.
             The game lasted 00:21:50 (10008 turns).

sking99 the Brawler (Troll Monk)                   Turns: 10008, Time: 00:21:51

Health: 0/126      AC:  9    Str: 24    XL:     12   Next: 7%
Magic:  11/11      EV: 11    Int:  6    God:    Elyvilon [******]
Gold:   796        SH:  5    Dex: 16    Spells: 10/11 levels left

rFire    . . .     SeeInvis .     - Unarmed
rCold    . . .     Gourm    +   (no shield)
rNeg     . . .     Faith    .   n - +2 robe {MR+}
rPois    +         Spirit   .   (helmet restricted)
rElec    .         Reflect  +   s - +1 cloak
rCorr    .         Harm     .   (gloves unavailable)
MR       +....                  (boots unavailable)
Stlth    ++........             t - +5 amulet of reflection
HPRegen  0.71/turn              l - +2 ring of strength (curse)
MPRegen  0.12/turn              y - ring of poison resistance

@: no status effects
A: large, unfitting armour, claws 3, fast metabolism 3, gourmand, regeneration
1, shaggy fur 1, tough skin 2
a: Lesser Healing, Heal Other, Purification, Greater Healing, Divine Vigour,
Divine Protection, Renounce Religion


You were in a labyrinth.
You worshipped Elyvilon.
Elyvilon was exalted by your worship.
You were very full.

You visited 3 branches of the dungeon, and saw 15 of its levels.
You also visited: Labyrinth and Sewer.

You collected 796 gold pieces.

Inventory:

Hand Weapons
 v - the +5 flail of the Tiger {venom, Dex+4}
   (You found it on level 6 of the Dungeon)

   It poisons the flesh of those it strikes.
   It affects your dexterity (+4).
Armour
 n - a +2 robe of magic resistance (worn)
 s - a +1 cloak (worn)
Jewellery
 l - a cursed +2 ring of strength (left claw)
 t - a +5 amulet of reflection (around neck)
 y - a ring of poison resistance (right claw)
 C - an uncursed amulet of rage
 D - a +2 ring of dexterity
Wands
 h - a wand of random effects (13)
 m - a wand of enslavement (5)
 w - a wand of acid (13)
 H - a wand of paralysis (9)
Scrolls
 g - a scroll of immolation
 o - 2 scrolls of fear
 r - 4 scrolls of teleportation
 B - 2 scrolls of amnesia
 F - 2 scrolls of remove curse
Potions
 a - 3 potions of lignification
 c - 2 potions of might
 d - 2 potions of resistance
 e - 2 potions of agility
 f - 3 potions of brilliance
 i - 3 potions of haste
 j - a potion of magic
 k - 2 potions of curing
 p - 3 potions of heal wounds
 q - 3 potions of flight
 x - 2 potions of mutation
 G - a potion of berserk rage {unknown}
Comestibles
 b - 20 rations
 E - 14 chunks of flesh


   Skills:
 + Level 10.0 Fighting
 - Level 2.4 Dodging
 - Level 1.0 Stealth
 * Level 15.6 Unarmed Combat


You had 10 spell levels left.
You knew the following spells:

 Your Spells              Type           Power        Failure   Level  Hunger
a - Apportation           Tloc           #.....       45%         1    ##.....

Your spell library contained the following spells:

 Spells                   Type           Power        Failure   Level  Hunger
 Summon Small Mammal      Summ           #...         45%         1    ##.....
 Animate Skeleton         Necr           N/A          45%         1    ##.....
 Summon Ice Beast         Ice/Summ       #.......     99%         4    #####..
 Call Imp                 Summ           #.......     58%         2    ###....
 Regeneration             Chrm/Necr      #.........   83%         3    ####...
 Confusing Touch          Hex            #.....       45%         1    ##.....
 Call Canine Familiar     Summ           #.......     83%         3    ####...
 Shroud of Golubria       Chrm/Tloc      #.........   58%         2    ###....
 Infusion                 Chrm           #...         45%         1    ##.....
 Song of Slaying          Chrm           #.......     58%         2    ###....
 Spectral Weapon          Hex/Chrm       #.......     83%         3    ####...
 Summon Lightning Spire   Summ/Air       #.......     99%         4    #####..
 Summon Guardian Golem    Hex/Summ       #.......     83%         3    ####...


Dungeon Overview and Level Annotations

Branches:
Dungeon (11/15)            Temple (1/1) D:4            Lair (3/6) D:9
  Snake (0/4) Lair:3          Orc (0/2) D:11
  Swamp: Lair:2-4    Shoals: Lair:2-4

Altars:
Ashenzari
Cheibriados
Dithmenos
Elyvilon
Fedhas
Gozag
Hepliaklqana
Kikubaaqudgha
Makhleb
Nemelex Xobeh
Okawaru
Qazlal
Ru
Sif Muna
Trog
Uskayaw
Vehumet
Wu Jian
Xom
Yredelemnul
Zin
The Shining One
Beogh

Shops:
D:10 }

Annotations:
D:5 3 runed doors, yoda5477's ghost, amateur DrFE


Innate Abilities, Weirdness & Mutations

You are too large for most types of armour.
You have claws for hands.
Your metabolism is lightning-fast.
You like to eat raw meat.
Your natural rate of healing is unusually fast.
You are covered in fur. (AC +1)
You have very tough skin. (AC +2)


Message History

The lava snake is almost dead.
The lava snake spits lava at you. The glob of lava hits you!
The lava snake misses you.
You barely miss the lava snake.
The lava snake is almost dead.
The lava snake spits lava at you. The glob of lava hits you!
The lava snake spits lava at you. The glob of lava hits you!
The lava snake spits lava at you. The glob of lava misses you.
The lava snake spits lava at you. The glob of lava hits you!
* * * LOW HITPOINT WARNING * * *
The lava snake spits lava at you. The glob of lava hits you!
* * * LOW HITPOINT WARNING * * *
The lava snake spits lava at you. The glob of lava hits you!
You die...

▓ ### ###.###
...#. .. #
###.#.##### ▓
..........#
▓.#..≈≈≈SS..#
..≈?$?S..#
#..≈?÷(S..###
# .≈§§$≈....#
##.≈≈≈§≈.@###
....§§§...#
###.....#.#
#...#.#..
#.#.#.### ..#
#.


You could see 4 lava snakes.

Vanquished Creatures
  A centaur warrior (D:10)
  A two-headed ogre (D:8)
  An unseen horror (D:11)
  Pikel (D:9)
  An ugly thing (D:11)
  A black mamba (Lair:2)
  2 spiny frogs (Lair:2)
  2 trolls
  A hornet (D:10)
  3 blink frogs (Lair:2)
  3 hippogriffs
  Sigmund (D:3)
  A human (D:7)
  A basilisk (Lair:2)
  2 wyverns
  22 yaks
  2 hungry ghosts (D:10)
  3 hogs (D:7)
  Menkaure (D:7)
  An acid dragon (D:11)
  Edmund (D:4)
  6 porcupines
  Duvessa (D:4)
  3 orc warriors
  2 slaves (D:9)
  2 ice beasts
  2 sky beasts
  3 black bears
  A phantom (D:5)
  4 wolves (Lair:2)
  4 ogres
  3 crocodiles
  4 centaurs
  4 bullfrogs
  7 big kobolds
  A wyvern zombie (D:7)
  A water moccasin zombie (D:9)
  A wyvern skeleton (D:10)
  4 scorpions
  Dowan (D:4)
  3 wights (D:9)
  4 howler monkeys
  A bullfrog zombie (D:9)
  5 crimson imps
  A centaur zombie (D:11)
  A quasit (D:9)
  3 bullfrog skeletons
  A jelly (D:11)
  Crazy Yiuf (D:4)
  A centaur skeleton (D:10)
  5 orc priests
  5 hounds
  A gnoll shaman (D:4)
  Terence (D:3)
  4 iguanas
  7 orc wizards
  5 worker ants
  A hound zombie (D:11)
  A hound skeleton (D:10)
  A howler monkey skeleton (D:7)
  13 adders
  8 gnolls
  2 river rats (Sewer)
  A shadow imp (D:5)
  7 oozes
  3 adder zombies
  7 worms
  A dart slug (D:1)
  5 leopard geckos
  45 orcs
  5 giant cockroaches
  12 goblins
  4 hobgoblins
  15 jackals
  6 quokkas
  8 ball pythons
  3 bats
  8 frilled lizards
  2 jackal skeletons (D:5)
  19 kobolds
  A leopard gecko skeleton (D:4)
  13 rats
  2 plants (D:9)
348 creatures vanquished.

Vanquished Creatures (others)
  14 fungi (D:9)
  7 plants
21 creatures vanquished.

Grand Total: 369 creatures vanquished

Notes
Turn   | Place    | Note
-------+----------+-------------------------------------------
     0 | D:1      | sking99 the Troll Monk began the quest for the Orb.
     0 | D:1      | Reached XP level 1. HP: 22/22 MP: 0/0
    41 | D:1      | Reached XP level 2. HP: 26/29 MP: 1/1
   322 | D:1      | Reached XP level 3. HP: 36/36 MP: 2/2
   452 | D:1      | Reached skill level 4 in Unarmed Combat
   752 | D:2      | Reached XP level 4. HP: 38/45 MP: 3/3
   833 | D:2      | Found a shimmering altar of Xom.
  1807 | D:3      | Found a hide-covered altar of Uskayaw.
  1899 | D:3      | Reached skill level 5 in Unarmed Combat
  1905 | D:3      | Found a glowing drain.
  1916 | D:3      | Reached XP level 5. HP: 53/53 MP: 4/4
  1924 | Sewer    | Entered a sewer
  2116 | Sewer    | Reached XP level 6. HP: 59/62 MP: 5/5
  2172 | Sewer    | Reached skill level 6 in Unarmed Combat
  2454 | Sewer    | Reached XP level 7. HP: 59/71 MP: 6/6
  2588 | D:3      | Noticed Terence
  2590 | D:3      | Noticed Sigmund
  2595 | D:3      | Killed Terence
  2595 | D:3      | Reached skill level 7 in Unarmed Combat
  2604 | D:3      | Killed Sigmund
  2799 | D:4      | Noticed Dowan
  2805 | D:4      | Killed Dowan
  2809 | D:4      | Found an ornate altar of the Wu Jian Council.
  2827 | D:4      | Noticed Duvessa
  2841 | D:4      | Killed Duvessa
  2899 | D:4      | Reached skill level 8 in Unarmed Combat
  2935 | D:4      | Noticed Edmund
  2946 | D:4      | Killed Edmund
  2946 | D:4      | Reached skill level 5 in Fighting
  2946 | D:4      | Reached XP level 8. HP: 80/80 MP: 7/7
  3425 | D:4      | Found a runed door.
  3476 | D:4      | Found a staircase to the Ecumenical Temple.
  3484 | Temple   | Entered the Ecumenical Temple
  3844 | D:4      | Noticed Crazy Yiuf
  3850 | D:4      | Killed Crazy Yiuf
  3901 | D:5      | Entered Level 5 of the Dungeon
  3901 | D:5      | Found a snail-covered altar of Cheibriados.
  3901 | D:5      | Found a white marble altar of Elyvilon.
  3909 | D:5      | Became a worshipper of Elyvilon the Healer
  3909 | D:5      | Reached * piety under Elyvilon
  3909 | D:5      | Reached ** piety under Elyvilon
  4005 | D:5      | Reached skill level 9 in Unarmed Combat
  4182 | D:5      | Found a shadowy altar of Dithmenos.
  4418 | D:5      | Found a sacrificial altar of Ru.
  4486 | D:5      | Found a runed gate.
  4563 | D:5      | Noticed yoda5477's ghost (amateur DrFE)
  4564 | D:5      | Found a runed gate.
  4564 | D:5      | Found a runed gate.
  4656 | D:5      | Found a roughly hewn altar of Beogh.
  4744 | D:6      | Reached skill level 10 in Unarmed Combat
  4843 | D:6      | Reached XP level 9. HP: 84/89 MP: 8/8
  4966 | D:6      | Found a glowing golden altar of the Shining One.
  4977 | D:6      | Got a bloodstained flail
  4978 | D:6      | Identified the +5 flail of the Tiger {venom, Dex+4} (You found it on level 6 of the Dungeon)
  5166 | D:7      | Reached *** piety under Elyvilon
  5443 | D:7      | Noticed a troll
  5450 | D:7      | Killed a troll
  5468 | D:7      | Noticed Menkaure
  5471 | D:7      | Killed Menkaure
  5471 | D:7      | Reached skill level 11 in Unarmed Combat
  5472 | D:7      | Found an ancient bone altar of Kikubaaqudgha.
  6060 | D:8      | Reached XP level 10. HP: 86/102 MP: 9/9
  6087 | D:8      | Reached skill level 12 in Unarmed Combat
  6143 | D:8      | Noticed a two-headed ogre
  6156 | D:8      | Killed a two-headed ogre
  6308 | D:8      | Found a basalt altar of Yredelemnul.
  6392 | D:8      | Found a sparkling altar of Nemelex Xobeh.
  6724 | D:9      | Reached **** piety under Elyvilon
  6729 | D:9      | Found a staircase to the Lair.
  6770 | D:9      | Reached skill level 13 in Unarmed Combat
  7094 | D:9      | Found a shadowy altar of Dithmenos.
  7313 | D:9      | Noticed Pikel
  7329 | D:9      | Killed Pikel
  7329 | D:9      | Reached XP level 11. HP: 113/113 MP: 10/10
  7341 | D:9      | Found a blossoming altar of Fedhas.
  7341 | D:9      | Found a stormy altar of Qazlal.
  7440 | D:10     | Entered Level 10 of the Dungeon
  7559 | D:10     | Found Vesiw's Gadget Shop.
  7602 | D:10     | Reached ***** piety under Elyvilon
  7638 | D:10     | Reached skill level 14 in Unarmed Combat
  7687 | D:10     | Learned a level 1 spell: Apportation
  7691 | D:10     | Noticed a centaur warrior
  7700 | D:10     | Killed a centaur warrior
  8330 | D:11     | Found a staircase to the Orcish Mines.
  8460 | D:11     | Noticed a red ugly thing
  8480 | D:11     | Killed a red ugly thing
  8910 | D:11     | Killed an unseen horror
  9415 | Lair:1   | Entered Level 1 of the Lair of Beasts
  9444 | Lair:1   | Reached skill level 15 in Unarmed Combat
  9521 | Lair:2   | Reached ****** piety under Elyvilon
  9879 | Lair:3   | Reached XP level 12. HP: 126/126 MP: 11/11
  9885 | Lair:3   | Reached skill level 10 in Fighting
  9939 | Lair:3   | Found the +8 longbow "Zephyr" {speed, Dex+3 SInv}
  9969 | Lair:3   | Found a labyrinth entrance.
  9983 | Lab      | Entered a labyrinth
 10008 | Lab      | Killed from afar by a lava snake

Vault maps used:
D:1:      dpeg_arrival_rooms_a
D:2:      xom_butterflies, minmay_tall_x
D:3:      lemuel_coloured_pillars_altar, gup_sewer_entry_pipe, uniq_sigmund,
          uniq_terence
D:4:      overflow_temple_1_default, minmay_temple_entry_butterflies,
          first_ration, kennysheep_generic_room_6, uniq_crazy_yiuf_cottage,
          uniq_edmund, uniq_duvessa
D:5:      kennysheep_mini_moat, chequers_temple_overflow_statue_of_worship,
          biasface_ghost_orc_armoury, grunt_decor_mini_mirrors,
          nicolae_ru_sacrificial_ziggurat
D:6:      overflow_temple_1_default
D:7:      lemuel_round_altar, grunt_livestock, uniq_menkaure
D:8:      nicolae_overflow_crystal_walls, nemelex_altar_shiori
D:9:      grunt_temple_overflow_forces_of_nature, due_lair_maze_entry_diamond,
          basic_altar, minmay_misc_feat_five, grunt_ministairs_11, uniq_pikel
D:10:     serial_shops, nicolae_shop_trees
D:11:     orc_0_dummy
Temple:   jpeg_temple_alley_garden
Lair:1:   eino_small_chamber_without_monster, infiniplex_staircase_pool,
          serial_bayou_shore_b, lemuel_fruit_fields
Lair:2:   minmay_swamp_entry_worms, serial_forest, infiniplex_forest_clump_long,
          infiniplex_forest_lined_corner, infiniplex_forest_straight_4,
          infiniplex_forest_lined_corner, infiniplex_forest_straight_2,
          infiniplex_forest_corner_1, infiniplex_forest_clump_large,
          infiniplex_forest_lined_corner
Lair:3:   minmay_snake_entry_six_corridors, lab_entry_generic,
          minmay_lair_oklob_chamber
Lab:      nicolae_lab_blocks, nicolae_lab_checkerboard, nicolae_lab_grate,
          nicolae_lab_hexagon, labyrinth_lava_lair, lab_block, lab_statue
Sewer:    sewer_co_tree

Skill      XL: |  1  2  3  4  5  6  7  8  9 10 11 12 |
---------------+-------------------------------------+-----
Unarmed Combat | 4 5 6 8 10 11 13 15 | 15.6
Fighting       | 3 4 5 6 7 8 9 10 | 10.0
Dodging        | |  2.4
Stealth        | |  1.0

Action                   |  1- 3 |  4- 6 |  7- 9 | 10-12 || total
-------------------------+-------+-------+-------+-------++-------
Melee: Unarmed           |    65 |   159 |   265 |   428 ||   917
       Punch             |     4 |     4 |    15 |    35 ||    58
  Use: Scroll            |       |     6 |     8 |     9 ||    23
 Stab: Sleeping          |     1 |     3 |     7 |       ||    11
       Distracted        |       |       |       |     1 ||     1
  Eat: Chunk             |     6 |    23 |    33 |    41 ||   103
Armor: Robe              |    26 |    35 |    63 |   113 ||   237
Dodge: Dodged            |    34 |    48 |   117 |   130 ||   329
Block: Other             |       |       |     2 |    91 ||    93
       Reflection        |       |       |       |     6 ||     6

Table legend:
 A = Spawn XP
 B = Non-spawn XP
 C = Spawn XP percentage of total XP
 D = Spawn monster count
 E = Non-spawn monster count
 F = Spawn count percentage of total count
 G = Total turns spent on level
                    A         B        C        D         E        F      G
               +---------+---------+-------+---------+---------+-------+---------
         Total |       0 |   23057 |   0.0 |       0 |     344 |   0.0 | 10008
               +---------+---------+-------+---------+---------+-------+---------
           D:1 |       0 |      54 |   0.0 |       0 |      25 |   0.0 |   711
           D:2 |       0 |      91 |   0.0 |       0 |      20 |   0.0 |   885
           D:3 |       0 |     319 |   0.0 |       0 |      23 |   0.0 |   599
           D:4 |       0 |     779 |   0.0 |       0 |      26 |   0.0 |   897
           D:5 |       0 |     718 |   0.0 |       0 |      22 |   0.0 |   821
           D:6 |       0 |     518 |   0.0 |       0 |      19 |   0.0 |   522
           D:7 |       0 |    2241 |   0.0 |       0 |      26 |   0.0 |   767
           D:8 |       0 |    1748 |   0.0 |       0 |      28 |   0.0 |   537
           D:9 |       0 |    4357 |   0.0 |       0 |      51 |   0.0 |   904
          D:10 |       0 |    3870 |   0.0 |       0 |      28 |   0.0 |   933
          D:11 |       0 |    2597 |   0.0 |       0 |      25 |   0.0 |  1030
        Lair:1 |       0 |    1046 |   0.0 |       0 |       5 |   0.0 |    88
        Lair:2 |       0 |    2738 |   0.0 |       0 |      11 |   0.0 |   370
        Lair:3 |       0 |    1376 |   0.0 |       0 |       7 |   0.0 |   110
         Sewer |       0 |     605 |   0.0 |       0 |      28 |   0.0 |   561
               +---------+---------+-------+---------+---------+-------+---------
